cohdb
Replays
Latest Replays
All Replays
Popular Replays
Top Player Replays
Match Explorer
How It Works
Community
CoH3 Stats
Reddit
Sign in to upload your games and track your stats! →
Sign in with Steam
Match 39491203
Unlisted
Match 39491203
Overview
Messages
Build Orders
End
Royal Engineer Section
Royal Engineer Section
Selects Canadian Shock Battlegroup
Construct Section Command Post
Royal Engineer Section
Selects Offensive Resupply
Selects Canadian Shock Section
Canadian Shock Section
Canadian Shock Section
Construct Platoon Command Post
Construct Field Infirmary
Selects Incendiary Munitions
Humber Armored Car
Selects Pyrotechnics
Canadian Shock Section
Infantry Training
jacklean
T.noob
Lita
wila
LittleFatty233
爱打游戏的啥子
0
0
Comments
sign in to comment!
No comments posted yet!